 Dungeon Crawl Stone Soup version 0.27-a0-1500-g450c7e4133 (webtiles) character file.

Game seed: 7435249848380853855

28 spiderkeys the Skirmisher (level 3, -1/26 HPs)
             Began as an Octopode Abyssal Knight on July 7, 2021.
             Was a Follower of Lugonu.
             Slain by a thrashing horror (8 damage)
             ... on level 2 of the Abyss.
             The game lasted 00:00:25 (129 turns).

spiderkeys the Skirmisher (Octopode Abyssal Knight)  Turns: 129, Time: 00:00:26

Health: -1/26      AC:  1    Str: 11    XL:     3   Next: 12%
Magic:  4/4        EV: 13    Int: 14    God:    Lugonu [*.....]
Gold:   0          SH:  0    Dex: 12    Spells: 2/2 levels left

rFire    . . .     SeeInvis .   a - +1 short sword
rCold    . . .     Faith    .   (no shield)
rNeg     . . .     Spirit   .   (helmet restricted)
rPois    .         Reflect  .   (no amulet)
rElec    .         Harm     .   (no ring)
rCorr    .         Rampage  .   (no ring)
Will     .....                  (no ring)
Stlth    ++........             (no ring)
HPRegen  0.08/turn              (no ring)
MPRegen  0.09/turn              (no ring)
                                (no ring)
                                (no ring)

@: no status effects
A: almost no armour, amphibious, 8 rings, camouflage 1, gelatinous body 1,
(nimble swimmer 1), tentacles
a: Renounce Religion, Depart the Abyss


You were on level 2 of the Abyss.
You worshipped Lugonu.
Lugonu was aware of your devotion.
You visited 0 branches of the dungeon, and saw 0 of its levels.
You visited the Abyss 1 time.


Innate Abilities, Weirdness & Mutations

You cannot wear most types of armour.
You are amphibious.
You can wear up to eight rings at the same time.
Your skin changes colour to match your surroundings (Stealth+).
Your rubbery body absorbs attacks. (AC +1, EV +1)
((You are camouflaged near water. (Stealth+)))
You have tentacles for arms and can constrict up to eight enemies at once.


   Skills:
 + Level 3.3 Fighting
 + Level 2.4 Short Blades
 + Level 2.7 Dodging
 + Level 2.5 Invocations


You had 2 spell levels left.
You didn't know any spells.
Your spell library was empty.

Inventory:

Hand Weapons
 a - a +1 short sword (weapon)
Missiles
 b - 17 sling bullets
Potions
 c - 2 potions of heal wounds {unknown}

Dungeon Overview and Level Annotations

Branches:
Dungeon (0/15)

Altars:

#.#...###...###...
..#.#...#..$..#....
#.................
##.#......§..§....
...#.[...§..§.....
##..#...#∩.§§.#. .
..###.. ##...## ..#
#..##...#...X.#.....
. ..........@.......
#. ................
..##...........!....
.###....#.....#....∩
# .#..###...###...#
....#.##.#.# ##.#
##...# .##.# .
#.#... .#. . #.


You could see a thrashing horror.


Message History

🤖 Initializing magus.rc ...
Options error: Delay interrupt name "hungry" not recognised. (~/.crawlrc:4988) ✅ Successfully initialized magus.rc [v1.9.10] Welcome, spiderkeys the Octopode Abyssal Knight.
Will you be the one to retrieve the legendary Orb of Zot from the depths?
Lugonu says: Depart the Abyss and spread corruption, my servant! (use the ability menu to exit the Abyss) Press ? for a list of commands and other information.
Found a corrupted altar of Lugonu.
b - 17 sling bullets
Found a gateway leading out of the Abyss.
There is a gateway leading out of the Abyss here.
Found a gateway leading deeper into the Abyss.
There is a gateway leading deeper into the Abyss here.
You plunge deeper into the Abyss.
c - a scroll labelled ASIRHU XUEBENI
As you read the scroll labelled ASIRHU XUEBENI, it crumbles to dust.
You hear a loud clanging noise!
It was a scroll of noise.
A bone dragon comes into view.
c - 2 coppery potions An iron imp comes into view.
You hit the iron imp but do no damage. You grab the iron imp.
You constrict the iron imp. The iron imp puffs mist at you.
The iron imp barely misses you.
You hit the iron imp but do no damage. You squeeze the iron imp.
You constrict the iron imp. The iron imp hits you!
Ouch! That really hurt!
* * * LOW HITPOINT WARNING * * *
😨 HP[-10]
You take 10 damage, and now have 6/16 hp.
MASSIVE DAMAGE!! (PAUSE)
You hit the iron imp but do no damage. Your squeeze misses the iron imp.
You constrict the iron imp. The iron imp misses you.
You hit the iron imp.
You constrict the iron imp, but do no damage.
You hit the iron imp.
You constrict the iron imp, but do no damage.
The iron imp misses you. 😨 HP[+1]
You barely miss the iron imp. You constrict the iron imp.
The iron imp hits you.
* * * LOW HITPOINT WARNING * * *
😱 HP[-3]
You take 3 damage, and now have 4/16 hp.
You hit the iron imp but do no damage.
You constrict the iron imp, but do no damage.
The iron imp misses you.
You hit the iron imp but do no damage.
You squeeze the iron imp, but do no damage.
You constrict the iron imp. The iron imp closely misses you.
Unknown command.
You hit the iron imp. You constrict the iron imp. You barely miss the iron imp.
You constrict the iron imp.
You kill the iron imp!
You have reached level 2!
You have reached level 3!
Your experience leads to an increase in your attributes!
Increase (S)trength, (I)ntelligence, or (D)exterity?
You feel agile. 😱 HP[+2] MP[+2]
You now have 26 max hp (+10).
You regained 2 hp, and now have 6/26 hp.
Your mp is fully restored (4).
The substance of the Abyss twists violently, and a gateway leading out appears!
There is a gateway leading out of the Abyss here. 😨 HP[+1]
The thrashing horror roars!
The thrashing horror tramples you!
You die...

Action                   || total
-------------------------++-------
Melee: Short sword       ||    10
       Tentacles         ||     2
       Constrict         ||     1
  Use: Scroll            ||     1
Dodge: Dodged            ||     5

Levels and vault maps discovered:
Abyss:2:  base:
Temple

Notes
Turn   | Place    | Note
-------+----------+-------------------------------------------
     0 | Abyss:1  | spiderkeys the Octopode Abyssal Knight began the quest for
                  | the Orb.
     0 | Abyss:1  | Reached XP level 1. HP: 16/16 MP: 2/2
     0 | Abyss:1  | magus.rc [v1.9.10]
   103 | Abyss:2  | Noticed a bone dragon
   112 | Abyss:2  | Noticed an iron imp
   121 | Abyss:2  | HP: 4/16 [iron imp (3)]
   125 | Abyss:2  | Killed an iron imp
   126 | Abyss:2  | Reached XP level 2. HP: 5/21 MP: 3/3
   126 | Abyss:2  | Reached XP level 3. HP: 6/26 MP: 4/4
   127 | Abyss:2  | Noticed a thrashing horror
   129 | Abyss:2  | Slain by a thrashing horror

Vanquished Creatures
  An iron imp (Abyss:2)
1 creature vanquished.

Table legend:
 A = Non-vault XP
 B = Vault XP
 C = Vault XP percentage of total XP
 D = Non-vault monster count
 E = Vault monster count
 F = Vault count percentage of total count
                 A         B        C        D         E       F
            +---------+---------+-------+---------+---------+-------
      Total |      40 |       0 |   0.0 |       1 |       0 |   0.0
            +---------+---------+-------+---------+---------+-------
    Abyss:2 |      40 |       0 |   0.0 |       1 |       0 |   0.0
            +---------+---------+-------+---------+---------+-------

Illustrated notes

Table legend:
 A = Kills in this place as a percentage of kills in entire the game.
 B = Kills by you in this place as a percentage of kills by you in the entire game.
 C = Kills by friends in this place as a percentage of kills by friends in the entire game.
 D = Other kills in this place as a percentage of other kills in the entire game.
 E = Experience gained in this place as a percentage of experience gained in the entire game.
 F = Experience gained in this place divided by the number of levels of this place that you have seen.
                   A       B       C       D       E      F
               +-------+-------+-------+-------+-------+----------------------
         Total | 100.0 | 100.0 |   N/A |   N/A | 100.0 |  20.0
         Abyss | 100.0 | 100.0 |   N/A |   N/A | 100.0 |  20.0
               +-------+-------+-------+-------+-------+----------------------

Table legend: (Time is in decaauts)
 A = Elapsed time spent in this place.
 B = Non-inter-level travel time spent in this place.
 C = Inter-level travel time spent in this place.
 D = Time resting spent in this place.
 E = Time spent auto-exploring this place.
 F = Levels seen in this place.
 G = Mean time per level.
                   A        B        C        D        E       F      G
               +--------+--------+--------+--------+--------+-----+--------+
         Total |    128 |    128 |      0 |      0 |     68 |   2 |   64.0 |
         Abyss |    128 |    128 |      0 |      0 |     68 |   2 |   64.0 |
               +--------+--------+--------+--------+--------+-----+--------+

Top non-repeatable levels by time:
 Abyss:1: 70 daAuts
 Abyss:2: 58 daAuts
